 Dungeon Crawl Stone Soup version 0.17-a0-1954-g0dddeaa (webtiles) character file.

1538 kosy22 the Shield-Bearer (level 8, 0/68 HPs)
             Began as a Hill Orc Fighter on Oct 4, 2015.
             Succumbed to a gnoll sergeant's poison
             ... on level 5 of the Dungeon.
             The game lasted 00:17:59 (6241 turns).

kosy22 the Shield-Bearer (Hill Orc Fighter)         Turns: 6241, Time: 00:17:59

Health: 0/68       AC: 12    Str: 21    XL:     8   Next: 86%
Magic:  8/8        EV: 10    Int: 15    God:
Gold:   174        SH: 10    Dex: 10    Spells: 0 memorised, 7 levels left

rFire  . . .     SeeInvis .     h - +2 trident (protect)
rCold  . . .     Clarity  .     b - +0 scale mail
rNeg   . . .     SustAt   .     c - +0 shield
rPois  +         Gourm    .     (no helmet)
rElec  .         Spirit   .     (no cloak)
rCorr  .         Warding  .     (no gloves)
rMut   .         Stasis   .     (no boots)
MR     .....                    (no amulet)
Stlth  ..........               v - ring "Ischa" {rPois Int+5}
                                x - +2 ring of intelligence

@: lethally poisoned (0 -> -1), flying, not resistant to hostile enchantments,
extremely unstealthy
A: mutation resistance 1
a: no special abilities


You were on level 5 of the Dungeon.
You were full.

You visited 1 branch of the dungeon, and saw 5 of its levels.

You collected 174 gold pieces.

Inventory:

Hand weapons
 a - a +0 war axe
 h - a +2 trident of protection (weapon)
Armour
 b - a +0 scale mail (worn)
 c - a +0 shield (worn)
 o - a +0 ring mail
Jewellery
 e - an uncursed ring of poison resistance
 v - the ring "Ischa" (right hand) {rPois Int+5}
   (You found it on level 4 of the Dungeon)

   [ring of intelligence]

   It affects your intelligence (+5).
   It protects you from poison.
 x - a +2 ring of intelligence (left hand)
Scrolls
 f - 2 scrolls of amnesia {unknown}
 g - a scroll of blinking
 i - a scroll of enchant armour {unknown}
 j - a scroll of noise {unknown}
 l - 2 scrolls of immolation {unknown}
 n - 3 scrolls of recharging {unknown}
 q - 3 scrolls of fear
 r - a scroll of enchant weapon {unknown}
 s - 3 scrolls of remove curse
 y - a scroll of teleportation {unknown}
Potions
 d - 2 potions of might
 k - a potion of haste
Comestibles
 t - a bread ration


   Skills:
 + Level 5.3 Fighting
 + Level 3.4(4.7) Axes
 + Level 4.1(4.5) Polearms
 + Level 6.2 Armour
 + Level 4.3 Dodging
 + Level 0.1 Stealth
 + Level 7.0 Shields


You had 7 spell levels left.
You didn't know any spells.

Dungeon Overview and Level Annotations

Branches:
Dungeon (5/15)
 Temple: D:4-7

Altars:
Qazlal

Shops:
D:4 [*%*!


Innate Abilities, Weirdness & Mutations

You are somewhat resistant to further mutation.


Message History

You feel sick. You block the gnoll's attack.
You closely miss the gnoll. The gnoll closely misses you.
Drink which item? (? for menu, Esc to quit)
You feel very buoyant.
You fly up into the air.
* * * LOW HITPOINT WARNING * * *
You feel sick. You block the gnoll's attack.
You hit the gnoll.
The gnoll is lightly wounded.
The gnoll closely misses you.
You closely miss the gnoll.
* * * LOW HITPOINT WARNING * * *
You feel sick. You block the gnoll's attack.
The gnoll hits you but does no damage.
You puncture the gnoll!
The gnoll is severely wounded.
You block the gnoll's attack.
You puncture the gnoll!
You kill the gnoll!
You die...

##..### .... ##...##
....# #..#... #..... ###
##.####. #.... #.####..#
## #...$#### #..##..##
## #.......#
#..#...#####.
##......)####....###....
#......@)#............#.
.####.))(..#####....##..
#. ####.### #..###... #
#.# ##.# ##.......
.####.# #.## #..#.....
#.....## #.# #.####...
#....## ####.# ##.# #..#
#.....###....## #..#
#..# ##.........##..##
##.## ##.#


There were no monsters in sight!

Vanquished Creatures
  The ghost of Loris the Gusty, an average HEAE of Nemelex Xobeh (D:4)
  A hungry ghost (D:4)
  A sky beast (D:5)
  3 ogres
  A phantom (D:3)
  A centaur (D:5)
  A gnoll sergeant (D:5)
  2 crimson imps (D:5)
  2 orc wizards
  A jelly (D:5)
  A giant frog skeleton (D:5)
  Ijyb (D:2)
  A centaur skeleton (D:5)
  Jessica (D:3)
  An orc priest (D:4)
  4 worker ants
  A killer bee zombie (D:5)
  A hound zombie (D:5)
  9 gnolls (D:5)
  8 adders
  2 adder skeletons
  2 adder zombies (D:5)
  4 worms
  10 orcs
  7 bats
  2 giant cockroaches (D:3)
  9 goblins
  7 hobgoblins
  7 jackals
  10 kobolds
  2 quokkas
  2 ball pythons
  A giant gecko (D:1)
  6 giant newts
  6 rats
119 creatures vanquished.

Notes
Turn   | Place    | Note
--------------------------------------------------------------
     0 | D:1      | kosy22 the Hill Orc Fighter began the quest for the Orb.
     0 | D:1      | Reached XP level 1. HP: 19/19 MP: 1/1
   170 | D:1      | Reached XP level 2. HP: 12/27 MP: 2/2
   886 | D:1      | Reached XP level 3. HP: 33/33 MP: 3/3
  1189 | D:2      | Reached skill level 4 in Armour
  1298 | D:2      | Gained mutation: You are somewhat resistant to further mutation. [potion of beneficial mutation]
  1438 | D:2      | Noticed Ijyb
  1463 | D:2      | Killed Ijyb
  1463 | D:2      | Reached skill level 1 in Dodging
  1463 | D:2      | Reached XP level 4. HP: 33/40 MP: 4/4
  2093 | D:3      | Found a stormy altar of Qazlal.
  2266 | D:3      | Reached XP level 5. HP: 46/46 MP: 5/5
  2408 | D:3      | Noticed Jessica
  2428 | D:3      | Killed Jessica
  2586 | D:3      | Reached skill level 1 in Polearms
  2596 | D:3      | Noticed a phantom
  2629 | D:3      | Killed a phantom
  2629 | D:3      | Reached XP level 6. HP: 50/53 MP: 6/6
  2770 | D:4      | Found Egrafuma's Antique Armour Boutique.
  2854 | D:4      | Noticed Loris's ghost (average HEAE)
  2880 | D:4      | Killed Loris's ghost
  2880 | D:4      | Reached skill level 5 in Shields
  2880 | D:4      | Reached XP level 7. HP: 18/60 MP: 7/7
  3123 | D:4      | Found Qodog's General Store.
  3252 | D:4      | Noticed a hungry ghost
  3265 | D:4      | Killed a hungry ghost
  3302 | D:4      | Got a pitted marble ring
  3357 | D:4      | Found Upnayden's Food Shoppe.
  3470 | D:4      | Found Ejud's Distillery.
  3535 | D:4      | Identified the ring "Ischa" {rPois Int+5} (You found it on level 4 of the Dungeon)
  3897 | D:4      | Found Yresueti's Assorted Antiques.
  4170 | D:5      | Entered Level 5 of the Dungeon
  4187 | D:5      | Reached skill level 5 in Armour
  4257 | D:5      | Reached skill level 6 in Shields
  4257 | D:5      | Reached XP level 8. HP: 67/67 MP: 8/8
  4295 | D:5      | Reached skill level 5 in Fighting
  5869 | D:5      | HP: 3/68 [ogre/giant club (10)]
  6232 | D:5      | HP: 2/68 [centaur (8)]
  6234 | D:5      | Reached skill level 7 in Shields
  6238 | D:5      | HP: 1/68 [poisoned by a gnoll sergeant]
  6241 | D:5      | Succumbed to a gnoll sergeant's poison

Vault maps used:
D:1:      dpeg_arrival_solitude, minmay_misc_feat_four_crosses
D:2:      uniq_iyjb
D:3:      grunt_qazlal_sundering, uniq_jessica
D:4:      serial_shops, shop, nicolae_shop_competitors_out_of_business,
          nicolae_shop_scaring_up_business, shop, shop
D:5:      first_bread

Action                   |  1- 3 |  4- 6 |  7- 9 || total
-------------------------+-------+-------+-------++-------
Melee: War axe           |   152 |    18 |       ||   170
       Trident           |       |   140 |   344 ||   484
  Use: Potion            |     5 |     1 |     7 ||    13
       Scroll            |       |     3 |     4 ||     7
  Eat: Bread ration      |     1 |     1 |     1 ||     3
       Meat ration       |       |       |     2 ||     2
       Royal jelly       |       |       |     1 ||     1
